 Dungeon Crawl Stone Soup version 0.31-a0-795-g5eb97db20b (webtiles) character file.

Game seed: 5515140551892972178

2844 Armakuni the Mimic (level 9, -15/62 HPs)
             Began as an Octopode Shapeshifter on Sept 18, 2023.
             Shot with a sling bullet by Joseph (20 damage)
             ... on level 7 of the Dungeon.
             The game lasted 00:22:15 (6804 turns).

Armakuni the Mimic (Octopode Shapeshifter)          Turns: 6804, Time: 00:22:16

Health: -15/62     AC:  1    Str: 13    XL:     9   Next: 74%
Magic:  9/9        EV: 13    Int: 17    God:
Gold:   77         SH:  0    Dex: 11    Spells: 0/8 levels left

rFire   + +          .
                       - Unarmed
rCold   . . .        (no shield)
rNeg    . . .        (helmet restricted)
rPois   +            (no amulet)
rElec   .            K - ring of resist corrosion
rCorr   +            F - ring of protection from fire
SInv    .            f - ring of protection from fire
Will    .....        L - ring of flight
Stlth   ++           P - ring of poison resistance
HPRegen 0.30/turn    (no ring)
MPRegen 0.11/turn    (no ring)
                     (no ring)

%: no passive effects
@: maw-form, flying
A: devouring maw, almost no armour, amphibious, 8 rings, camouflage 1,
gelatinous body 1, (nimble swimmer 1), tentacles
a: Begin Untransformation


You were on level 7 of the Dungeon.
You were a creature with a mouth for a stomach.
You visited 2 branches of the dungeon, and saw 8 of its levels.
You also visited: Ossuary.

You collected 337 gold pieces.
You spent 260 gold pieces at shops.

Inventory:

Hand Weapons
 e - a +0 quarterstaff
 l - the +5 dagger of the King {freeze, rElec rPois Str+8 Dex-3}
   (You found it on level 2 of the Dungeon)

   Str+8:     It affects your strength (+8).
   Dex-3:     It affects your dexterity (-3).
   rElec:     It insulates you from electricity.
   rPois:     It protects you from poison
Jewellery
 f - a ring of protection from fire (on tentacle)
 F - a ring of protection from fire (right tentacle)
 J - a ring of ice
 K - a ring of resist corrosion (left tentacle)
 L - a ring of flight (on tentacle)
 P - a ring of poison resistance (on tentacle)
Talismans
 i - a serpent talisman
 x - a maw talisman (active)
Wands
 g - a wand of polymorph (12)
 h - a wand of flame (14)
 j - a wand of digging (8)
Scrolls
 b - a scroll of enchant armour
 c - a scroll of teleportation
 d - 2 scrolls of poison
 o - 2 scrolls of torment
 r - 2 scrolls of revelation {unknown}
 s - 2 scrolls of noise
 v - a scroll of enchant weapon {unknown}
 w - 2 scrolls of fog
Potions
 a - a potion of haste {unknown}
 k - a potion of cancellation {unknown}
 m - a potion of brilliance {unknown}
 n - 2 potions of heal wounds
 p - 2 potions of mutation {unknown}
 q - 2 potions of lignification
 t - a potion of enlightenment {unknown}


   Skills:
 + Level 5.7 Fighting
 - Level 2.0 Dodging
 + Level 6.5 Unarmed Combat
 - Level 10.0 Shapeshifting


You couldn't memorise any spells.
You knew the following spells:

 Your Spells              Type           Power      Damage    Failure   Level
e - Metabolic Englaciati  Hex/Ice        0%         N/A       100%        5
r - Frozen Ramparts       Ice            0%         1d1       56%         3

Your spell library contained the following spells:

 Spells                   Type           Power      Damage    Failure   Level
 Call Canine Familiar     Summ           0%         N/A       56%         3
 Sigil of Binding         Hex            0%         N/A       56%         3
 Dimensional Bullseye     Hex/Tloc       0%         N/A       93%         4
 Leda's Liquefaction      Hex/Erth       0%         N/A       93%         4
 Petrify                  Tmut/Erth      0%         N/A       93%         4


Dungeon Overview and Level Annotations

Branches:
Dungeon (7/15)             Temple (1/1) D:7         Ossuary (visited)

Altars:
Cheibriados
Dithmenos
Elyvilon
Fedhas
Hepliaklqana
Kikubaaqudgha
Makhleb
Nemelex Xobeh
Okawaru
Ru
Sif Muna
Uskayaw
Wu Jian
Xom
Yredelemnul
Zin
The Shining One

Shops:
D:6 =

Annotations:
D:4 2 runed translucent doors, exclusion: door, Vorhees's ghost, amateur DsMo
D:7 Joseph


Innate Abilities, Weirdness & Mutations

You are a creature with a mouth for a stomach.
Your midsection houses a second, enormous mouth.
You cannot wear most types of armour.
You are amphibious.
You can wear up to eight rings at the same time.
Your skin changes colour to match your surroundings (Stealth+).
Your rubbery body absorbs attacks. (AC +1, EV +1)
((You are camouflaged when in or above water. (Stealth+)))
You have tentacles for arms and can constrict up to eight enemies at once.


Message History

Okay, then.
Aiming: Throw Flame
Press: ? - help, Shift-Dir - straight line, f - gnoll
Aim: a gnoll, wielding a +0 spear (covering ground quickly, 72% to hit)
The puff of flame hits the gnoll.
The gnoll is moderately wounded.
The gnoll misses you. The gnoll attacks as it pursues you!
The gnoll barely misses you.
The gnoll hits you from afar with a +0 spear!
Found a blackened brass ring.
The gnoll attacks as it pursues you!
The gnoll hits you from afar with a +0 spear.
Found 2 murky pink potions.
The gnoll hits you from afar with a +0 spear!
The air fills with toxic fumes!
As you read the scroll of poison, it crumbles to dust.
Joseph unwields a +0 quarterstaff.
Joseph wields a +0 sling.
Joseph shoots a sling bullet.
The sling bullet hits you! The gnoll closely misses you.
The gnoll bouda barks out a call to the hunt!
Okay, then.
Unknown command.
As you read the scroll of teleportation, it crumbles to dust.
You feel strangely unstable.
Joseph is engulfed in poison gas.
Joseph is poisoned.
The water moccasin bites you.
* * * LOW HITPOINT WARNING * * *
Okay, then.
Found a blossoming altar of Fedhas.
Joseph shoots a sling bullet.
The sling bullet hits you!
* * * LOW HITPOINT WARNING * * *
It was a potion of heal wounds.
You feel much better. The water moccasin bites you.
Joseph shoots a sling bullet.
The sling bullet hits you!
* * * LOW HITPOINT WARNING * * *
The water moccasin closely misses you.
Your surroundings suddenly seem different.
Found a scroll of identify and a scroll of enchant armour.
Joseph shoots a sling bullet.
The sling bullet misses you.
As you read the scroll of fog, it dissolves into smoke.
Joseph shoots a sling bullet.
The sling bullet hits you!!
You die... .P.PP #.........## .P_P. #.....??... .PPPP

#.........# P.P#
#.........## .. .!#
#.......... ... #.##
##.......###..#
#.=####..§.§§§§..?..#
#.......§§.§W§#####..
##......☼§§§§§#(..#.#
#.S##@...§.§.#(..#.(
#...§...§....#####..
##.##§#.............
#gg#.#........_....
##g#...............
#g##..............
#g##gg...........@


You could see Joseph (poisoned) and 2 dancing weapons.

Vanquished Creatures
  Grinder (D:3)
  A steam dragon (D:6)
  Menkaure (D:5)
  Duvessa (D:4)
  2 water moccasins
  An orc warrior (D:6)
  A black bear (D:6)
  An ice beast (D:5)
  3 ogres
  A centaur (D:6)
  A gnoll sergeant (D:6)
  2 scorpions
  Dowan (D:4)
  A howler monkey (D:6)
  4 centaur zombies (Ossuary)
  A hound (D:6)
  3 jellies (D:5)
  4 orc priests
  A sleepcap (D:6)
  A human zombie (Ossuary)
  Jessica (D:2)
  5 orc wizards
  Ijyb (D:6)
  Terence (D:2)
  3 iguanas
  Natasha (thrice) (D:4)
  An ogre zombie (Ossuary)
  8 mummies
  Robin (D:2)
  5 gnolls
  13 adders
  A white imp (D:6)
  2 worms
  7 dart slugs
  24 orcs
  4 ball pythons
  9 endoplasms
  3 giant cockroaches
  10 goblins
  10 hobgoblins
  2 jackals (D:3)
  7 quokkas
  2 bats
  3 frilled lizards
  6 goblin zombies
  5 hobgoblin zombies (Ossuary)
  6 kobolds
  5 kobold zombies (Ossuary)
  An orc zombie (D:4)
  5 quokka zombies (Ossuary)
  4 rats
  4 rat zombies (Ossuary)
194 creatures vanquished.

Notes
Turn   | Place    | Note
-------+----------+-------------------------------------------
     0 | D:1      | Armakuni the Octopode Shapeshifter began the quest for the
                  | Orb.
     0 | D:1      | Reached XP level 1. HP: 13/13 MP: 1/1
   335 | D:1      | Reached XP level 2. HP: 18/18 MP: 2/2
   655 | D:1      | Reached XP level 3. HP: 23/23 MP: 3/3
   666 | D:1      | Reached skill level 4 in Shapeshifting
  1004 | D:2      | Found a shadowy altar of Dithmenos.
  1061 | D:2      | Found a faded altar of an unknown god.
  1088 | D:2      | Noticed Terence
  1268 | D:2      | Identified the +5 dagger of the King {freeze, rElec rPois
                  | Str+8 Dex-3}
  1300 | D:2      | Killed Terence
  1301 | D:2      | Reached XP level 4. HP: 28/28 MP: 4/4
  1325 | D:2      | Noticed Jessica
  1327 | D:2      | Killed Jessica
  1328 | D:2      | Reached skill level 5 in Shapeshifting
  1342 | D:2      | Noticed Robin
  1367 | D:2      | Killed Robin
  1368 | D:2      | Reached XP level 5. HP: 22/33 MP: 5/5
  1815 | D:3      | Noticed Grinder
  1820 | D:3      | Paralysed by Grinder for 5 turns
  1825 | D:3      | Killed Grinder
  1826 | D:3      | Reached skill level 6 in Shapeshifting
  1826 | D:3      | Reached XP level 6. HP: 31/38 MP: 6/6
  1874 | D:3      | Found a burning altar of Makhleb.
  1893 | D:3      | Identified the +6 short sword of Mastery {elec, Fragile rC+
                  | Dex+3 SInv}
  2126 | D:3      | Found a sparkling altar of Nemelex Xobeh.
  2230 | D:3      | Reached skill level 7 in Shapeshifting
  2447 | D:4      | Found a runed translucent door.
  2452 | D:4      | Noticed Vorhees's ghost (amateur DsMo)
  2453 | D:4      | Noticed Dowan
  2453 | D:4      | Noticed Duvessa
  2502 | D:4      | Found a sand-covered staircase.
  2533 | Ossuary  | Entered an ossuary
  2551 | Ossuary  | Reached XP level 7. HP: 27/43 MP: 7/7
  2975 | Ossuary  | Reached skill level 8 in Shapeshifting
  3276 | D:4      | Noticed Natasha
  3285 | D:4      | Killed Natasha
  3292 | D:4      | You fall into a shaft and drop 2 floors!
  3330 | D:6      | Reached XP level 8. HP: 46/48 MP: 8/8
  3358 | D:5      | Entered Level 5 of the Dungeon
  3358 | D:5      | Noticed Menkaure
  3358 | D:5      | Noticed Ijyb
  3364 | D:6      | Killed Ijyb
  3588 | D:6      | Reached skill level 9 in Shapeshifting
  4244 | D:5      | Reached skill level 10 in Shapeshifting
  4262 | D:5      | Killed Menkaure
  4359 | D:5      | Found an ornate altar of the Wu Jian Council.
  4623 | D:5      | Reached XP level 9. HP: 55/55 MP: 9/9
  4923 | D:4      | Killed Dowan
  4942 | D:4      | Killed Duvessa
  4943 | D:4      | Reached skill level 5 in Unarmed Combat
  5147 | D:4      | Noticed Natasha
  5155 | D:4      | Killed Natasha
  5273 | D:4      | Found a runed translucent door.
  5278 | D:4      | Learned a level 3 spell: Frozen Ramparts
  5284 | D:4      | Learned a level 5 spell: Metabolic Englaciation
  5519 | D:4      | Noticed Natasha
  5527 | D:4      | Killed Natasha
  5958 | D:6      | Reached skill level 5 in Fighting
  6209 | D:6      | Found Fifeesent's Jewellery Shop.
  6216 | D:6      | Bought a ring of poison resistance for 260 gold pieces
  6395 | D:6      | Found a basalt altar of Yredelemnul.
  6700 | D:7      | Found a hide-covered altar of Uskayaw.
  6700 | D:7      | Noticed a +0 dagger
  6701 | D:7      | Noticed a +0 hand axe
  6707 | D:7      | Noticed Joseph
  6724 | D:7      | Found a staircase to the Ecumenical Temple.
  6740 | Temple   | Entered the Ecumenical Temple
  6801 | D:7      | Found a blossoming altar of Fedhas.
  6801 | D:7      | HP: 2/62 [Joseph/sling bullet (16)]
  6804 | D:7      | Shot with a sling bullet by Joseph

Illustrated notes

Levels and vault maps discovered:
D:1:      psy_arrival_whirlpool, layout_loops_ring, dk_noncrumbling_4,
          dreamdust_mushroom_princess, chequers_serial_rivers_small_a
D:2:      layout_loops_ring, basic_ecumenical_altar, basic_altar,
          nrook_loot_triangle, minmay_misc_feat_pillars, minmay_misc_feat_x,
          hex_medium, corner_web_ring, dk_vineyard_1, minmay_hedge_maze,
          minmay_stone_trees_small, uniq_robin, uniq_terence, uniq_jessica
D:3:      layout_rooms, lemuel_round_altar, mainiacjoe_overflow_small_starburst,
          uniq_grinder
D:4:      layout_loops_ring, nicolae_ossuary_entry_giza, ebering_ghost_sewer_f,
          minmay_a_box_with_orc_wizards_in_it, uniq_duvessa, uniq_natasha
D:5:      layout_basic, nzn_wu_jian_contemplation, uniq_menkaure, uniq_ijyb
D:6:      layout_basic, kennysheep_mini, serial_shops, nicolae_shop_peninsula,
          nrook_mini_vaults, minmay_misc_feat_tower, roderic_lattice_a,
          nicolae_half_adder
D:7:      layout_rooms, grunt_temple_overflow_forces_of_nature,
          dancing_weapons_uskayaw, minmay_temple_entry_drinking_statues,
          gammafunk_ghost_grave, enter_bailey_2, uniq_maggie, uniq_joseph
Temple:   nicolae_temple_bog_church

Skill      XL: |  1  2  3  4  5  6  7  8  9 |
---------------+----------------------------+-----
Shapeshifting  | 4 5 6 7 8 10 | 10.0
Fighting       | 2 5 |  5.7
Unarmed Combat | 4 6 |  6.5
Dodging        | |  2.0

Action                     |  1- 3 |  4- 6 |  7- 9 || total
---------------------------+-------+-------+-------++-------
  Melee: Unarmed           |    57 |       |   154 ||   211
         Constrict         |    12 |    17 |    61 ||    90
         Tentacles         |    11 |     9 |    36 ||    56
         Dagger            |     5 |    37 |       ||    42
         Punch             |     1 |     1 |     7 ||     9
         Short sword       |       |    42 |   136 ||   178
         Maw               |       |       |    34 ||    34
  Evoke: Wand              |       |       |     1 ||     1
    Use: Potion            |     1 |     1 |    15 ||    17
         Scroll            |     7 |     1 |     7 ||    15
   Stab: Sleeping          |     6 |     2 |    19 ||    27
         Invisible         |       |       |     7 ||     7
 Armour: Skin              |    14 |    38 |   194 ||   246
  Dodge: Dodged            |    26 |    36 |   138 ||   200
   Form: Anaconda          |       |       |     1 ||     1
         Maw               |       |       |     1 ||     1

Table legend: (Time is in decaauts)
 A = Elapsed time spent in this place.
 B = Non-inter-level travel time spent in this place.
 C = Inter-level travel time spent in this place.
 D = Time resting spent in this place.
 E = Time spent auto-exploring this place.
 F = Levels seen in this place.
 G = Mean time per level.
                   A        B        C        D        E       F      G
               +--------+--------+--------+--------+--------+-----+--------+
         Total |   6785 |   6591 |    194 |   1280 |   3705 |   9 |  753.9 |
       Dungeon |   6210 |   6026 |    184 |   1221 |   3387 |   7 |  887.1 |
        Temple |     17 |      7 |     10 |      0 |      0 |   1 |   17.0 |
       Ossuary |    557 |    557 |      0 |     59 |    318 |   1 |  557.0 |
               +--------+--------+--------+--------+--------+-----+--------+

Top non-repeatable levels by time:
     D:6: 1768 daAuts
     D:4: 1119 daAuts
     D:2: 947 daAuts
     D:5: 869 daAuts
     D:1: 793 daAuts
     D:3: 613 daAuts
 Ossuary: 557 daAuts
     D:7: 97 daAuts
  Temple: 17 daAuts
